 Dungeon Crawl Stone Soup version 0.26-a0-651-gb41185065b (webtiles) character file.

Game seed: 3094936939309611634

165867 grandjackal the Brawler (level 17, -36/142 HPs)
             Began as a Demonspawn Gladiator on Oct 1, 2020.
             Was a High Priest of Ru.
             Killed from afar by a deep elf annihilator (39 damage)
             ... with an iron shot
             ... on level 3 of the Elven Halls.
             The game lasted 00:50:02 (29019 turns).

grandjackal the Brawler (Demonspawn Gladiator)     Turns: 29019, Time: 00:50:05

Health: -36/142    AC: 40    Str: 20    XL:     17   Next: 28%
Magic:  9/15       EV:  2    Int: 11    God:    Ru [*****.]
Gold:   889        SH:  0    Dex: 24    Spells: 16/16 levels left

rFire    + + .     SeeInvis +     - Unarmed
rCold    + + .     Faith    .   (no shield)
rNeg     . . .     Spirit   .   y - +8 orange crystal plate armour {Archmagi, Int+3 Clar}
rPois    .         Reflect  .   c - +2 helmet
rElec    .         Harm     .   R - scarf {rC+ rF+}
rCorr    +         Rampage  .   (gloves unavailable)
MR       +....     Clarity  +   E - +2 pair of boots {Stlth+}
Stlth    ..........             n - amulet of regeneration
HPRegen  1.73/turn              B - ring "Nohudyuh" {rCorr Dex+8}
MPRegen  0.14/turn              U - ring "Ugijaw" {rC+ Int-2 SInv Stlth-}

@: lethally poisoned (-36 -> -37), exhausted, about to teleport, overwhelmed
with horror, slowed, drained, very slow
A: claws 3, fire resistance 1, ignite blood, low mp 1, powered by death 2, flame
cloud immunity, no stealth, hated by all, cowardly, no hexes magic, no poison
magic, no translocations magic, reduced EV 1, sharp scales 3
a: Draw Out Power, Power Leap, Apocalypse, Renounce Religion


You were on level 3 of the Elven Halls.
You worshipped Ru.
Ru was extremely pleased with you.
You visited 5 branches of the dungeon, and saw 27 of its levels.
You visited 1 bazaar.
You also visited: Volcano and Wizlab.

You collected 3377 gold pieces.
You spent 2488 gold pieces at shops.

Inventory:

Hand Weapons
 a - a +6 great sword of flaming
Missiles
 d - a throwing net (quivered)
Armour
 c - a +2 helmet (worn)
 y - the +8 orange crystal plate armour (worn) {Archmagi, Int+3 Clar}
   (You acquired it on level 10 of the Dungeon)

   It affects your intelligence (+3).
   It protects you against confusion.
 E - a +2 pair of boots of stealth (worn)
 M - the +1 cloak "Qunaoddi" {rPois Dex+5}
   (You found it in a wizard's laboratory)

   It affects your dexterity (+5).
   It protects you from poison.
 Q - the +2 cloak of Soft Wonder {+Inv rElec Regen+ Stlth-}
   (You found it in a wizard's laboratory)

   It insulates you from electricity.
   It lets you turn invisible.
   It increases your rate of regeneration.
   It makes you less stealthy.
 R - a scarf of resistance (worn)
Jewellery
 n - an amulet of regeneration (around neck)
 s - an uncursed amulet of guardian spirit
 B - the ring "Nohudyuh" (left claw) {rCorr Dex+8}
   (You found it on level 6 of the Dungeon)

   [ring of resist corrosion]

   It affects your dexterity (+8).
   It provides partial protection from all sources of acid and corrosion.
 U - the ring "Ugijaw" (right claw) {rC+ Int-2 SInv Stlth-}
   (You bought it in a shop on level 3 of the Elven Halls)

   [ring of attention]

   It affects your intelligence (-2).
   It protects you from cold.
   It lets you see invisible.
   It makes you less stealthy.
Wands
 p - a wand of polymorph (29)
 q - a wand of disintegration (18)
 D - a wand of digging (18)
 F - a wand of iceblast (24)
 L - a wand of paralysis (14)
 P - a wand of flame (35)
 T - a wand of acid (8)
Scrolls
 e - 16 scrolls of remove curse
 f - 3 scrolls of fear
 h - 5 scrolls of identify
 i - 8 scrolls of enchant armour
 l - 7 scrolls of immolation
 m - 15 scrolls of teleportation
 u - 5 scrolls of fog
 C - 5 scrolls of blinking
 G - a scroll of magic mapping
 J - 3 scrolls of silence
 S - a scroll of vulnerability
Potions
 b - 5 potions of haste
 g - 15 potions of curing
 j - 8 potions of berserk rage
 k - 3 potions of lignification
 o - 7 potions of might
 r - 6 potions of magic
 t - a potion of cancellation
 w - 3 potions of ambrosia
 x - 4 potions of flight
 z - 5 potions of mutation
 A - a potion of resistance
 H - 2 potions of heal wounds
 I - 3 potions of brilliance
 K - 3 potions of stabbing
 O - a potion of invisibility
Miscellaneous
 N - a condenser vane (2/2)


   Skills:
 + Level 15.6(14.7) Fighting
 - Level 2.8(2.2) Long Blades
 - Level 1.7(1.1) Throwing
 + Level 13.7(12.9) Armour
 - Level 5.4(4.8) Dodging
 * Level 19.3(18.4) Unarmed Combat


You had 16 spell levels left.
You didn't know any spells.
Your spell library contained the following spells:

 Spells                   Type           Power        Failure   Level
 Beastly Appendage        Tmut           #.....       100%        1
 Freeze                   Ice            #...         100%        1
 Magic Dart               Conj           #...         100%        1
 Shock                    Conj/Air       #...         100%        1
 Passwall                 Tmut/Erth      #.......     100%        2
 Searing Ray              Conj           #.....       100%        2
 Swiftness                Air            #.......     100%        2
 Wereblood                Tmut           #.......     100%        2
 Conjure Flame            Conj/Fire      #.......     100%        3
 Frozen Ramparts          Ice            #.....       100%        3
 Ozocubu's Armour         Ice            #.......     100%        3
 Static Discharge         Conj/Air       #.......     100%        3
 Airstrike                Air            #.........   100%        4
 Hailstorm                Conj/Ice       #.......     100%        4
 Ice Form                 Ice/Tmut       #.......     100%        4
 Petrify                  Tmut/Erth      #.......     100%        4
 Blade Hands              Tmut           #.........   100%        5
 Lee's Rapid Deconstruct  Erth           #.........   100%        5
 Lightning Bolt           Conj/Air       #.........   100%        5
 Corona                   Hex            Unusable     N/A         1
 Blink                    Tloc           Unusable     N/A         2
 Call Imp                 Summ           Unusable     N/A         2
 Slow                     Hex            Unusable     N/A         2
 Confusing Touch          Hex            Unusable     N/A         3
 Dazzling Flash           Conj/Hex       Unusable     N/A         3
 Gell's Gravitas          Tloc           Unusable     N/A         3
 Inner Flame              Hex/Fire       Unusable     N/A         3
 Lesser Beckoning         Tloc           Unusable     N/A         3
 Mephitic Cloud           Conj/Pois/Air  Unusable     N/A         3
 Portal Projectile        Hex/Tloc       Unusable     N/A         3
 Spider Form              Tmut/Pois      Unusable     N/A         3
 Cause Fear               Hex            Unusable     N/A         4
 Fulminant Prism          Conj/Hex       Unusable     N/A         4
 Iskenderun's Mystic Bla  Conj/Tloc      Unusable     N/A         4
 Leda's Liquefaction      Hex/Erth       Unusable     N/A         4
 Passage of Golubria      Tloc           Unusable     N/A         4
 Summon Ice Beast         Ice/Summ       Unusable     N/A         4
 Summon Lightning Spire   Summ/Air       Unusable     N/A         4
 Metabolic Englaciation   Hex/Ice        Unusable     N/A         5
 Summon Demon             Summ           Unusable     N/A         5
 Summon Forest            Summ/Tloc      Unusable     N/A         5
 Yara's Violent Unravell  Hex/Tmut       Unusable     N/A         5
 Dispersal                Tloc           Unusable     N/A         6
 Invisibility             Hex            Unusable     N/A         6
 Malign Gateway           Summ/Tloc      Unusable     N/A         7

Dungeon Overview and Level Annotations

Branches:
Dungeon (15/15)            Temple (1/1) D:4            Lair (6/6) D:10
 Shoals (0/4) Lair:3        Snake (0/4) Lair:4        Slime (0/5) Lair:5
    Orc (2/2) D:9             Elf (3/3) Orc:2        Vaults (0/5) D:13
 Depths (0/5) D:15        Volcano (visited)          WizLab (visited)

Altars:
Ashenzari
Cheibriados
Dithmenos
Elyvilon
Fedhas
Gozag
Hepliaklqana
Kikubaaqudgha
Makhleb
Nemelex Xobeh
Okawaru
Qazlal
Ru
Sif Muna
Trog
Uskayaw
Vehumet
Wu Jian
Xom
Yredelemnul
Zin
The Shining One
Beogh

Shops:
D:6 !   D:7 !   D:10 *   D:13 *}   Orc:2 ([*=(   Elf:1 ?   Elf:3 =

Annotations:
D:13 1 runed translucent door, Demosthentine's ghost, journeyman HaHu
Elf:2 3 runed translucent doors


Innate Abilities, Weirdness & Mutations

You have claws for hands.
Your flesh is heat resistant. (rF+)
Your demonic aura causes spilled blood to erupt in flames.
Your magical capacity is low. (-10% MP)
You regenerate health from kills.
You are immune to clouds of flame.
You cannot be stealthy.
You are hated by all.
Your cowardice makes you less effective in combat with threatening monsters.
You cannot study or cast Hexes magic.
You cannot study or cast Poison magic.
You cannot study or cast Translocations magic.
You have somewhat slow reflexes. (EV -5)
You are completely covered in razor-sharp scales. (AC +3, Slay +3)


Message History

You are more poisoned.
* * * LOW HITPOINT WARNING * * *
The deep elf master archer is stunned by your will and fails to attack.
You hear a shout!
As you read the scroll of fear, it crumbles to dust.
You assume a fearsome visage.
The deep elf master archer looks frightened!
The deep elf annihilator resists with almost no effort.
You feel very sick.
The deep elf annihilator begins to cast a spell, but is stunned by your will!
A deep elf death mage comes into view.
It is wielding the +6 battleaxe "Ybeniq Unaul" {freeze, Str+7 SInv}.
A deep elf archer comes into view.
It is wielding a +2 short sword of draining and wearing a +1 leather armour of cold resistance.
Monsters!
Monsters everywhere!
You have to get out of here!
As you read the scroll of teleportation, it crumbles to dust.
You feel strangely unstable.
You feel very sick.
The deep elf archer shouts!
The deep elf annihilator points at you and mumbles some strange words.
The iron shot hits you!!!
You die...

##.##
##..#..).###,,,e,,,***
##...##
#..##..###...,,,,,,,**
#.....#
#..#.)##.....,,*,,,,**
##...##
#....##....e,,**,,,,**
###'#.##
##....#...e#,,**,,,*+**
##'####
#....##....*,**,,,**,**
..##
#....#...#*,,*,,,**,,,*
..#
#...##..#*.,,,,,,*,,⌠,,
..#
#.8.#.@.#..,,,,,**,,,,*
..#
#...#.8...e.#****,,,,**
..#
#...#.....###,**,8,***,
..#
#.8.'....##,,,,,,,**,,,
..#
#...#....#,,,,,,,**,,,,
)#####
#...#.8.##,,,,,,,**,,,*
#.##.##
#.8.#...#,,,,⌠,,,,*,,**
##'...##
#...##e.#*,,,,,,,**,,,,
##.(...##
#....#,,,*,,,,,,,*,,,,*


You could see a deep elf master archer (fleeing), a deep elf annihilator, a deep
elf death mage and a deep elf archer (repels missiles).

Vanquished Creatures
  Jorgrun (Elf:2)
  A deep elf master archer (Elf:3)
  2 deep elf blademasters (Elf:3)
  An eldritch tentacle (WizLab)
  8 deep elf sorcerers (Elf:3)
  Roxanne (Elf:1)
  An orc warlord (Orc:2)
  Aizul (Elf:3)
  6 deep elf elementalists (Elf:3)
  An angel (WizLab)
  3 deep elf demonologists
  3 deep elf annihilators (Elf:3)
  4 deep elf death magi
  Snorg (Lair:6)
  2 fire dragons
  A deep elf high priest (Elf:3)
  An ogre mage (D:14)
  An ice dragon (D:15)
  A death knight (D:15)
  8 hydras
  3 centaur warriors
  7 two-headed ogres
  7 dancing weapons
  A thrashing horror (WizLab)
  Sonja (Orc:2)
  11 deep elf knights
  5 orc high priests
  2 shadow wraiths (WizLab)
  5 unseen horrors
  An unseen horror (shapeshifter) (Elf:2)
  A death drake (shapeshifter) (D:12)
  14 deep elf archers
  A swamp dragon (Lair:6)
  4 wizards (Volcano)
  An obsidian statue (WizLab)
  Pikel (D:8)
  A necromancer (D:13)
  A mana viper (WizLab)
  An oklob plant (Lair:6)
  15 ugly things
  7 orc knights
  7 orc sorcerers
  41 deep elf magi
  7 cyclopes
  5 toenail golems (Volcano)
  A worldbinder (WizLab)
  4 black mambas
  Maurice (D:13)
  16 cane toads
  A guardian serpent (WizLab)
  7 elephants
  A gargoyle (D:15)
  Maggie (D:8)
  2 rime drakes
  7 komodo dragons
  3 kobold demonologists
  A demonic crawler (WizLab)
  6 trolls
  5 hornets
  2 meliai zombies
  4 slime creatures (D:13)
  7 dream sheep (Lair:6)
  6 blink frogs
  12 hippogriffs
  4 shadows
  An air elemental (Elf:1)
  5 water elementals
  2 ynoxinuls (WizLab)
  6 basilisks
  3 wraiths
  37 yaks
  3 wyverns (Lair:4)
  A human (D:9)
  3 fire bats (Orc:1)
  2 vampires
  3 steam dragons
  3 fire elementals
  A vampire mosquito (D:12)
  5 wargs
  A soldier ant (D:13)
  An insubstantial wisp (WizLab)
  10 water moccasins
  2 spatial vortices (WizLab)
  4 acid dragons
  5 nagas (Lair:4)
  17 porcupines
  33 orc warriors
  A human skeleton (WizLab)
  An ice beast (D:11)
  A necrophage (D:10)
  3 sky beasts
  4 phantoms
  4 black bears
  2 swamp drakes (Lair:6)
  An eye of draining (shapeshifter) (D:13)
  14 ogres
  10 wolves
  An elf skeleton (WizLab)
  15 crocodiles
  11 centaurs
  2 lemures (D:8)
  A wyvern zombie (D:12)
  5 big kobolds
  10 bullfrogs
  7 earth elementals
  A small abomination (WizLab)
  A water moccasin zombie (D:5)
  2 scorpions
  4 killer bees (D:10)
  6 wights
  7 howler monkeys
  A bullfrog zombie (D:5)
  3 centaur zombies
  2 centaur skeletons
  11 hounds
  2 jellies
  5 bullfrog skeletons
  20 orc priests
  11 orc wizards
  6 iguanas
  11 worker ants
  3 hound skeletons
  6 gnolls
  A worker ant zombie (D:9)
  16 adders
  3 shadow imps
  A white imp (D:6)
  2 ufetubi (D:10)
  An ooze (D:2)
  2 adder skeletons
  5 worms
  3 leopard geckos
  85 orcs
  4 ball pythons
  2 bats (D:2)
  9 giant cockroaches
  5 goblins
  13 hobgoblins
  14 jackals
  32 kobolds
  10 quokkas
  8 frilled lizards
  2 rats (D:1)
  A lurking horror (WizLab)
851 creatures vanquished.

Vanquished Creatures (others)
  A tentacled monstrosity (WizLab)
  2 deep elf annihilators (Elf:3)
  A wizard (Volcano)
  2 orc wizards
  2 orcs (D:9)
  2 bushes (D:10)
  29 fungi
  44 plants
  5 toadstools (D:3)
  2 withered plants (D:13)
90 creatures vanquished.

Grand Total: 941 creatures vanquished

Notes
Turn   | Place    | Note
-------+----------+-------------------------------------------
     0 | D:1      | grandjackal the Demonspawn Gladiator began the quest for
                  | the Orb.
     0 | D:1      | Reached XP level 1. HP: 16/16 MP: 1/1
   220 | D:1      | Gained mutation: You have sharp fingernails. [demonic
                  | ancestry]
   220 | D:1      | Reached XP level 2. HP: 22/22 MP: 2/2
   631 | D:2      | Reached skill level 1 in Unarmed Combat
   631 | D:2      | Reached XP level 3. HP: 21/28 MP: 3/3
  1377 | D:1      | Reached skill level 1 in Armour
  1377 | D:1      | Gained mutation: You have very sharp fingernails. [demonic
                  | ancestry]
  1377 | D:1      | Reached XP level 4. HP: 5/34 MP: 4/4
  1777 | D:2      | Reached skill level 2 in Unarmed Combat
  1990 | D:2      | Found an iron altar of Okawaru.
  2289 | D:3      | Found a sparkling altar of Nemelex Xobeh.
  2850 | D:3      | Gained mutation: You have claws for hands. [demonic
                  | ancestry]
  2850 | D:3      | Reached XP level 5. HP: 34/41 MP: 5/5
  3097 | D:3      | Found a sacrificial altar of Ru.
  3708 | D:3      | Found a shimmering blue altar of Sif Muna.
  3709 | D:3      | Found a basalt altar of Yredelemnul.
  3962 | D:4      | Reached skill level 3 in Unarmed Combat
  4160 | D:4      | Found a staircase to the Ecumenical Temple.
  4188 | Temple   | Entered the Ecumenical Temple
  4438 | D:3      | Became a worshipper of Ru the Awakened
  4491 | D:4      | Found an ornate altar of the Wu Jian Council.
  4499 | D:4      | Gained mutation: Your flesh is heat resistant. (rF+)
                  | [demonic ancestry]
  4499 | D:4      | Reached XP level 6. HP: 47/47 MP: 6/6
  4640 | D:5      | Entered Level 5 of the Dungeon
  4640 | D:5      | Found a bloodstained altar of Trog.
  4930 | D:5      | Reached skill level 4 in Unarmed Combat
  5398 | D:5      | Found a white marble altar of Elyvilon.
  5496 | D:5      | Gained mutation: You cannot study or cast Poison magic. [Ru
                  | sacrifice]
  5496 | D:5      | Gained mutation: You cannot study or cast Hexes magic. [Ru
                  | sacrifice]
  5496 | D:5      | Gained mutation: You cannot study or cast Translocations
                  | magic. [Ru sacrifice]
  5496 | D:5      | Reached * piety under Ru
  5765 | D:6      | Gained mutation: You are partially covered in razor-sharp
                  | scales. (AC +1, Slay +1) [demonic ancestry]
  5765 | D:6      | Reached XP level 7. HP: 30/54 MP: 7/7
  5919 | D:6      | Found Kulaklaw's Distillery.
  5924 | D:6      | Bought 2 potions of ambrosia for 192 gold pieces
  5924 | D:6      | Bought a potion of flight for 36 gold pieces
  5924 | D:6      | Bought a potion of magic for 96 gold pieces
  5924 | D:6      | Bought a potion of curing for 36 gold pieces
  5924 | D:6      | Bought a potion of mutation for 96 gold pieces
  5924 | D:6      | Bought a potion of might for 48 gold pieces
  5977 | D:6      | Reached skill level 5 in Unarmed Combat
  6386 | D:6      | Reached skill level 5 in Fighting
  6386 | D:6      | Gained mutation: You regenerate a little health from kills.
                  | [demonic ancestry]
  6386 | D:6      | Reached XP level 8. HP: 62/62 MP: 8/8
  6496 | D:6      | Got a heavily runed marble ring
  6725 | D:6      | Identified the ring "Nohudyuh" {rCorr Dex+8} (You found it
                  | on level 6 of the Dungeon)
  6759 | D:7      | Reached skill level 6 in Unarmed Combat
  6916 | D:7      | Found Zastoqe's Distillery.
  7252 | D:7      | Gained mutation: Your magical capacity is low. (-10% MP)
                  | [Ru sacrifice]
  7346 | D:7      | Noticed a hippogriff
  7352 | D:7      | Killed a hippogriff
  7352 | D:7      | Reached skill level 7 in Unarmed Combat
  7562 | D:8      | Noticed a hippogriff
  7568 | D:8      | Killed a hippogriff
  7568 | D:8      | Reached skill level 5 in Armour
  7568 | D:8      | Reached XP level 9. HP: 62/69 MP: 6/8
  7641 | D:8      | Noticed a two-headed ogre
  7652 | D:8      | Killed a two-headed ogre
  7652 | D:8      | Reached skill level 8 in Unarmed Combat
  8003 | D:8      | Found a radiant altar of Vehumet.
  8008 | D:8      | Noticed Maggie
  8019 | D:8      | Killed Maggie
  8019 | D:8      | Reached skill level 9 in Unarmed Combat
  8130 | D:8      | Noticed a two-headed ogre
  8145 | D:8      | Killed a two-headed ogre
  8145 | D:8      | Gained mutation: You are immune to clouds of flame.
                  | [demonic ancestry]
  8145 | D:8      | Reached XP level 10. HP: 45/79 MP: 9/9
  8249 | D:8      | Killed an unseen horror
  8597 | D:8      | Noticed Pikel
  8615 | D:8      | Killed Pikel
  8907 | D:9      | Reached skill level 10 in Unarmed Combat
  8977 | D:9      | Found a staircase to the Orcish Mines.
  9126 | D:9      | Gained mutation: Your cowardice makes you less effective in
                  | combat with threatening monsters. [Ru sacrifice]
  9126 | D:9      | Reached ** piety under Ru
  9134 | D:9      | Noticed a two-headed ogre
  9141 | D:9      | Killed a two-headed ogre
  9500 | D:9      | Found a burning altar of Makhleb.
  9741 | D:10     | Entered Level 10 of the Dungeon
  9810 | D:10     | Gained mutation: You are mostly covered in razor-sharp
                  | scales. (AC +2, Slay +2) [demonic ancestry]
  9810 | D:10     | Reached XP level 11. HP: 78/87 MP: 9/9
 10040 | D:10     | Gained mutation: You are hated by all. [Ru sacrifice]
 10040 | D:10     | Reached *** piety under Ru
 10040 | D:10     | Reached **** piety under Ru
 10085 | D:10     | Found Vetup's General Store.
 10134 | D:10     | Reached skill level 11 in Unarmed Combat
 10482 | D:10     | Found a staircase to the Lair.
 11499 | D:11     | Killed an unseen horror
 12464 | D:11     | Noticed a cyan ugly thing
 12474 | D:11     | Killed a cyan ugly thing
 12801 | D:11     | Reached skill level 12 in Unarmed Combat
 12925 | D:11     | Noticed a red ugly thing
 12935 | D:11     | Killed a red ugly thing
 13150 | D:11     | Noticed an eight-headed hydra
 13159 | D:11     | Killed an eight-headed hydra
 13375 | D:12     | Reached skill level 10 in Fighting
 13379 | D:12     | Gained mutation: You cannot be stealthy. [Ru sacrifice]
 13379 | D:12     | Reached ***** piety under Ru
 13410 | D:12     | HP: 4/90 [poisoned by a hornet]
 13742 | D:12     | Noticed an unseen horror
 13752 | D:12     | Killed an unseen horror
 13752 | D:12     | Gained mutation: Your demonic aura causes spilled blood to
                  | erupt in flames. [demonic ancestry]
 13752 | D:12     | Reached XP level 12. HP: 77/97 MP: 10/10
 14276 | D:12     | Found an ancient bone altar of Kikubaaqudgha.
 14361 | D:12     | Noticed an eight-headed hydra
 14374 | D:12     | Killed a nine-headed hydra
 14377 | D:12     | Noticed an eight-headed hydra
 14395 | D:12     | Killed a nine-headed hydra
 14395 | D:12     | Reached skill level 13 in Unarmed Combat
 14400 | D:12     | Found the +5 demon whip "Spellbinder" {antimagic, MR+}
 14717 | Orc:1    | Entered Level 1 of the Orcish Mines
 14785 | Orc:1    | Found a dark tunnel.
 14800 | Volcano  | Entered a volcano
 15073 | Volcano  | Paralysed by a wizard for 5 turns
 15104 | Volcano  | Reached skill level 10 in Armour
 15725 | Orc:1    | Found a burning altar of Makhleb.
 15902 | Orc:2    | Entered Level 2 of the Orcish Mines
 15910 | Orc:2    | Noticed an orc warlord
 15910 | Orc:2    | Paralysed by an orc sorcerer for 5 turns
 15915 | Orc:2    | Reached XP level 13. HP: 82/106 MP: 11/11
 15916 | Orc:2    | Found Viovatoll's Jewellery Boutique.
 15921 | Orc:2    | Killed an orc warlord
 15921 | Orc:2    | Reached skill level 14 in Unarmed Combat
 15936 | Orc:2    | Noticed Sonja
 15943 | Orc:2    | Killed Sonja
 16252 | Orc:2    | Found Pyicw's Weapon Boutique.
 16338 | Orc:2    | Found Pammeo Gete's Antique Weapon Boutique.
 16408 | Orc:2    | Found a burning altar of Makhleb.
 16423 | Orc:2    | Found Faug Ceck's Antique Armour Shop.
 16430 | Orc:2    | Found a staircase to the Elven Halls.
 16456 | Orc:2    | Found Morphi Lyrghy's General Store.
 17037 | Orc:1    | Reached skill level 5 in Dodging
 17482 | Orc:2    | Found a roughly hewn altar of Beogh.
 17544 | Orc:2    | Bought a jewelled chain mail for 275 gold pieces
 17544 | Orc:2    | Identified the cursed +0 chain mail of the Chupacabra
                  | {-Tele rElec rPois Str+3} (You bought it in a shop on level
                  | 2 of the Orcish Mines)
 17578 | Orc:2    | Bought an uncursed amulet of regeneration for 450 gold
                  | pieces
 17704 | D:10     | Bought a scroll of acquirement for 624 gold pieces
 17704 | D:10     | Acquired the +8 orange crystal plate armour {Archmagi,
                  | Int+3 Clar}
 17705 | D:10     | Found the +8 orange crystal plate armour {Archmagi, Int+3
                  | Clar}
 17760 | Lair:1   | Entered Level 1 of the Lair of Beasts
 18041 | Lair:1   | Reached skill level 15 in Unarmed Combat
 18152 | Lair:1   | Found a white marble altar of Elyvilon.
 19262 | Lair:3   | Found a staircase to the Shoals.
 19392 | Lair:3   | Reached XP level 14. HP: 113/116 MP: 12/12
 20040 | Lair:4   | Found a staircase to the Snake Pit.
 21446 | Lair:5   | Found a staircase to the Slime Pits.
 21558 | Lair:6   | Entered Level 6 of the Lair of Beasts
 21673 | Lair:6   | Gained mutation: You have somewhat slow reflexes. (EV -5)
                  | [Ru sacrifice]
 21979 | Lair:6   | Reached skill level 16 in Unarmed Combat
 22181 | Lair:6   | Noticed Snorg
 22199 | Lair:6   | Killed Snorg
 22826 | D:13     | Found Xoxtuja's Gadget Shoppe.
 22861 | D:13     | Found a flickering gateway to a bazaar.
 22909 | Bazaar   | Entered a bazaar
 22909 | Bazaar   | Found Xeje's Antique Weapon Emporium.
 22909 | Bazaar   | Found Oloatz's Antique Armour Shoppe.
 22909 | Bazaar   | Found Riwnutia's General Store.
 22909 | Bazaar   | Found Afaazxab's Gadget Emporium.
 22909 | Bazaar   | Found Coson's Jewellery Shoppe.
 22919 | Bazaar   | Bought a potion of heal wounds for 35 gold pieces
 23042 | D:13     | Found Hereis's Assorted Antiques.
 23542 | D:13     | Found a runed translucent door.
 23542 | D:13     | Noticed Demosthentine's ghost (journeyman HaHu)
 23604 | D:13     | Noticed Maurice
 23631 | D:13     | Killed Maurice
 23758 | D:13     | Found a gate to the Vaults.
 23867 | D:13     | Gained mutation: You regenerate health from kills. [demonic
                  | ancestry]
 23867 | D:13     | Reached XP level 15. HP: 124/124 MP: 13/13
 24998 | D:15     | Entered Level 15 of the Dungeon
 25164 | D:15     | Reached skill level 17 in Unarmed Combat
 25782 | D:15     | Found a staircase to the Depths.
 26000 | Elf:1    | Entered Level 1 of the Elven Halls
 26062 | Elf:1    | Found a magical portal.
 26073 | WizLab   | Entered The Roulette of Golubria
 26073 | WizLab   | Found a transporter.
 26076 | WizLab   | Found a corrupted altar of Lugonu.
 26109 | WizLab   | Found a transporter.
 26249 | WizLab   | Found a transporter.
 26316 | WizLab   | Found a transporter.
 26316 | WizLab   | Found a transporter.
 26346 | WizLab   | Noticed a tentacled monstrosity
 26346 | WizLab   | Found a transporter.
 26346 | WizLab   | Found a transporter.
 26352 | WizLab   | Killed a tentacled monstrosity
 26362 | WizLab   | Identified Golubria's Catalogue of the Traveller
 26369 | WizLab   | Found a transporter.
 26369 | WizLab   | Found a transporter.
 26390 | WizLab   | Found a transporter.
 26390 | WizLab   | Found a transporter.
 26426 | WizLab   | Found a transporter.
 26426 | WizLab   | Found a transporter.
 26499 | WizLab   | Found a transporter.
 26499 | WizLab   | Found a transporter.
 26543 | WizLab   | Got an ichor-stained cloak
 26545 | WizLab   | Got an ichor-stained cloak
 26546 | WizLab   | Identified the +1 cloak "Qunaoddi" {rPois Dex+5} (You found
                  | it in a wizard's laboratory)
 26547 | WizLab   | Identified the +2 cloak of Soft Wonder {+Inv rElec Regen+
                  | Stlth-} (You found it in a wizard's laboratory)
 26656 | Elf:1    | Paralysed by an orc sorcerer for 5 turns
 26736 | Elf:1    | Identified Erug's Guide on Slavery
 26769 | Elf:1    | Found Huh Oph's Magic Scroll Shop.
 26794 | Elf:1    | Bought a scroll of vulnerability for 135 gold pieces
 26794 | Elf:1    | Bought a scroll of teleportation for 54 gold pieces
 26794 | Elf:1    | Bought a scroll of fog for 36 gold pieces
 26794 | Elf:1    | Bought a scroll of teleportation for 54 gold pieces
 26794 | Elf:1    | Bought a scroll of fear for 63 gold pieces
 26812 | Elf:1    | Identified Roxanne's Tome of Shape Shifting
 26812 | Elf:1    | Noticed Roxanne
 26830 | Elf:1    | Killed Roxanne
 26830 | Elf:1    | Reached XP level 16. HP: 134/134 MP: 14/14
 27478 | Elf:2    | Reached skill level 18 in Unarmed Combat
 27542 | Elf:2    | Noticed Jorgrun
 27554 | Elf:2    | Killed Jorgrun
 27681 | Elf:2    | Found a runed translucent gate.
 27681 | Elf:2    | Found a runed translucent gate.
 27682 | Elf:2    | Found a runed translucent gate.
 27980 | Elf:3    | Entered Level 3 of the Elven Halls
 28204 | Elf:3    | Noticed Aizul
 28214 | Elf:3    | Killed Aizul
 28448 | Elf:3    | Reached skill level 15 in Fighting
 28479 | Elf:3    | Found Eniyrr's Jewellery Boutique.
 28494 | Elf:3    | Bought the ring "Ugijaw" {rC+ Int-2 SInv Stlth-} for 258
                  | gold pieces
 28807 | Elf:3    | Gained mutation: You are completely covered in razor-sharp
                  | scales. (AC +3, Slay +3) [demonic ancestry]
 28807 | Elf:3    | Reached XP level 17. HP: 142/142 MP: 15/15
 28826 | Elf:3    | Reached skill level 19 in Unarmed Combat
 28835 | Elf:3    | Noticed a deep elf blademaster
 28837 | Elf:3    | Noticed a deep elf master archer
 28985 | Elf:3    | Identified the +2 leather armour of Nuuh {rF+ MR+}
 28985 | Elf:3    | Noticed a deep elf blademaster
 28989 | Elf:3    | Noticed a deep elf master archer
 29001 | Elf:3    | Killed a deep elf master archer
 29006 | Elf:3    | Killed a deep elf blademaster
 29014 | Elf:3    | Noticed a deep elf master archer
 29017 | Elf:3    | Killed a deep elf blademaster
 29017 | Elf:3    | HP: 3/142 [deep elf annihilator/poison arrow (16)]
 29018 | Elf:3    | Identified the +6 battleaxe "Ybeniq Unaul" {freeze, Str+7
                  | SInv}
 29019 | Elf:3    | Killed from afar by a deep elf annihilator

Illustrated notes

Levels and vault maps discovered:
D:1:      dpeg_arrival_pond, layout_rooms
D:2:      minmay_wonky_spiral, layout_rooms, st_stairs_8, supply_closet_lemuel,
          okawaru_altar_gauntlet_db
D:3:      layout_loops_ring, nemelex_xobeh_ov_fountains_minmay,
          nicolae_ru_awakened_eye, gammafunk_temple_overflow_pools,
          minmay_gold_behind_fungi
D:4:      layout_rooms, lemuel_crystal_altar, minmay_temple_entry_grid
D:5:      layout_basic, elyvilon_altar_5, serial_bayou, serial_bayou_ford_a,
          serial_bayou_pond_b, serial_bayou_lake_a, serial_bayou_shore_a,
          bloody_trog
D:6:      layout_loops_ring, serial_shops, shop
D:7:      layout_gridville, serial_shops, shop
D:8:      layout_basic, vehumet_crystals, grunt_ministairs_6, uniq_maggie,
          uniq_pikel
D:9:      layout_loops_ring, overflow_temple_1_default, erik_orc_4
D:10:     layout_stronghold, minmay_lair_entry_grove, serial_shops,
          nicolae_shop_waterfront
D:11:     layout_gridville
D:12:     layout_cave_pools, basic_altar, chequers_serial_rivers_room_a,
          minmay_the_grid_square_5x5_3x3_mashed
          [minmay_the_grid_square_5x5_spiral, minmay_the_grid_square_5x5_inset,
          minmay_the_grid_square_5x5_longway,
          minmay_the_grid_square_5x5_three_small,
          minmay_the_grid_square_5x5_megaprize_checkered,
          minmay_the_grid_square_5x5_lines, minmay_the_grid_square_5x5_six,
          minmay_the_grid_square_5x5_two_small,
          minmay_the_grid_square_5x5_shrine2]
D:13:     layout_layer_cave, david_vaults_1, serial_shops, bzr_in_the_mist,
          shop, nicolae_shop_window_shopping, gammafunk_ghost_grave,
          grunt_decor_one_mirror, small_statue_intersection, uniq_maurice
D:14:     layout_basic
D:15:     grunt_enter_depths_hoard, layout_rooms, minmay_hedge_maze,
          chequers_serial_rivers_marsh, roderic_st_hans_cross,
          small_chamber_with_monster
Temple:   nicolae_temple_figure_eight
Lair:1:   layout_cellular_growth, basic_altar, st_stairs_12, lemuel_fruit_tree,
          grunt_megastairs_2, lemuel_fruit_fields
Lair:2:   layout_loops_ring
Lair:3:   layout_gridlike, elwin_shoals_entry_rocks, beast_lair_carwin_1,
          infiniplex_staircase_pool, grunt_megastairs_3
Lair:4:   layout_layer_cave, minmay_snake_entry_guardpost_medium,
          chequers_serial_rivers_micro_b, st_stairs_11, beast_lair_carwin_9
Lair:5:   layout_cave_pods, dpeg_slime_entry_corner
Lair:6:   guppyfry_lair_end_dragon, layout_regular_city, grunt_megastairs_4,
          uniq_snorg
Orc:1:    cheibrodos_orc_bank, layout_caves, nicolae_volcano_entry_batcave,
          bloody_makhleb
Orc:2:    grunt_orc_gardens, layout_caves, grunt_orc_garden, grunt_orc_garden,
          grunt_orc_garden, grunt_orc_garden, serial_shops, shop_fountains,
          basic_altar, mines1_david, uniq_sonja
Elf:1:    layout_loops_cross, serial_shops, shop, mu_enter_wizlab_6,
          minmay_elf_demonology, uniq_roxanne
Elf:2:    layout_onion_city, nicolae_elf_big_sculpture_3, uniq_jorgrun
Elf:3:    minmay_elf_hall_statues, layout_geoelf_octagon, serial_shops,
          shop_fountains, uniq_aizul

Skill      XL: |  1  2  3  4  5  6  7  8  9 10 11 12 13 14 15 16 17 |
---------------+----------------------------------------------------+-----
Dodging        | 3 5 |  5.4
Unarmed Combat | 1 2 3 4 5 7 9 10 12 13 15 16 17 18 19 | 19.3
Armour         | 1 2 3 5 6 7 9 10 11 12 13 | 13.7
Fighting       | 3 4 5 6 7 8 10 11 12 13 14 15 | 15.6
Long Blades    | |  2.8
Throwing       | |  1.7

Action                   |  1- 3 |  4- 6 |  7- 9 | 10-12 | 13-15 | 16-18 || total
-------------------------+-------+-------+-------+-------+-------+-------++-------
Melee: Long sword        |    70 |       |       |       |       |       ||    70
       Punch             |     1 |     5 |    14 |    60 |    99 |    28 ||   207
       Unarmed           |       |   229 |   239 |   519 |   883 |   266 ||  2136
       Dagger            |       |       |       |     4 |       |       ||     4
       Great sword       |       |       |       |       |    25 |       ||    25
Throw: Throwing net      |     2 |       |     1 |       |       |       ||     3
Invok: Sacrifice Arcana  |       |     1 |       |       |       |       ||     1
       Sacrifice Essence |       |       |     1 |       |       |       ||     1
       Sacrifice Courage |       |       |       |     1 |       |       ||     1
       Power Leap        |       |       |       |     3 |     2 |       ||     5
       Sacrifice Stealth |       |       |       |     1 |       |       ||     1
       Sacrifice Love    |       |       |       |     1 |       |       ||     1
       Apocalypse        |       |       |       |     1 |     1 |     2 ||     4
       Reject Sacrifices |       |       |       |     1 |     1 |     1 ||     3
       Sacrifice Health  |       |       |       |       |     1 |       ||     1
       Draw Out Power    |       |       |       |       |       |     1 ||     1
Evoke: Wand              |       |       |       |     7 |    11 |     1 ||    19
       Condenser vane    |       |       |       |       |     1 |       ||     1
  Use: Scroll            |       |       |    13 |     8 |    21 |     4 ||    46
       Potion            |       |       |       |     2 |     2 |       ||     4
 Stab: Held in net/web   |     1 |       |     1 |       |       |       ||     2
       Distracted        |       |       |     1 |     5 |     8 |     2 ||    16
       Invisible         |       |       |       |    11 |     5 |       ||    16
       Paralysed         |       |       |       |     1 |     4 |       ||     5
Armor: Leather armour    |    26 |    30 |       |       |       |       ||    56
       Scale mail        |       |    43 |    78 |   182 |       |       ||   303
       Ring mail         |       |       |       |     2 |    36 |       ||    38
       Crystal plate arm |       |       |       |       |   523 |   214 ||   737
       Skin              |       |       |       |       |     1 |       ||     1
Dodge: Dodged            |    64 |   119 |   133 |   221 |   212 |    18 ||   767
       Rpst.: Long sword |    26 |       |       |       |       |       ||    26
       Great sword       |       |       |       |       |     1 |       ||     1

Table legend: (Time is in decaauts)
 A = Elapsed time spent in this place.
 B = Non-inter-level travel time spent in this place.
 C = Inter-level travel time spent in this place.
 D = Time resting spent in this place.
 E = Time spent auto-exploring this place.
 F = Levels seen in this place.
 G = Mean time per level.
                   A        B        C        D        E       F      G
               +--------+--------+--------+--------+--------+-----+--------+
         Total |  28692 |  27437 |   1255 |   5662 |  16198 |  30 |  956.4 |
       Dungeon |  17747 |  16932 |    815 |   4197 |  10221 |  15 | 1183.1 |
        Temple |    189 |    180 |      9 |      0 |    180 |   1 |  189.0 |
          Lair |   4910 |   4664 |    246 |    104 |   3855 |   6 |  818.3 |
  Orcish Mines |   2156 |   2018 |    138 |    457 |   1013 |   2 | 1078.0 |
   Elven Halls |   2350 |   2305 |     45 |    258 |    929 |   3 |  783.3 |
        Bazaar |     29 |     29 |      0 |      0 |      0 |   1 |   29.0 |
       Volcano |    753 |    753 |      0 |    455 |      0 |   1 |  753.0 |
        Wizlab |    554 |    554 |      0 |    191 |      0 |   1 |  554.0 |
               +--------+--------+--------+--------+--------+-----+--------+

Top non-repeatable levels by time:
    D:11: 2266 daAuts
    D:10: 1847 daAuts
     D:2: 1719 daAuts
    D:13: 1379 daAuts
     D:8: 1250 daAuts
     D:3: 1164 daAuts
   Orc:2: 1145 daAuts
  Lair:6: 1089 daAuts
     D:5: 1081 daAuts
     D:6: 1053 daAuts
    D:12: 1017 daAuts
   Orc:1: 1011 daAuts
     D:1: 1003 daAuts
   Elf:3: 988 daAuts
     D:9: 968 daAuts
